 Dungeon Crawl Stone Soup version 0.29.1-15-g9cfb28693d (webtiles) character file.

Game seed: 7242729576451627452

904 HakonGodeson the Chopper (level 8, -1/65 (68) HPs)
             Began as a Hill Orc Fighter on Apr 1, 2023.
             Was an Initiate of Beogh.
             Slain by a merfolk
             ... wielding a +0 trident
             ... led by the fury of Okawaru
              (17 damage)
             ... on level 8 of the Dungeon.
             The game lasted 00:09:34 (2416 turns).

HakonGodeson the Chopper (Hill Orc Fighter)         Turns: 2416, Time: 00:09:35

HP:   -1/65 (68)    AC:  9    Str: 19    XL:     8   Next: 8%
MP:   9/9           EV:  9    Int: 13    God:    Beogh [......]
Gold: 177           SH:  4    Dex: 10    Spells: 7/7 levels left

rFire   . . .      SeeInvis .   n - +7 mace "Remevvu" {protect, rN+ Will+ Int+3}
rCold   . . .      Faith    .   c - +0 buckler
rNeg    + . .      Spirit   .   b - +0 scale mail
rPois   .          Reflect  .   (no helmet)
rElec   .          Harm     .   e - +1 cloak
rCorr   .          Rampage  .   (no gloves)
Will    +....                   (no boots)
Stlth   ..........              (no amulet)
HPRegen 0.20/turn               (no ring)
MPRegen 0.11/turn               (no ring)

@: lethally poisoned (-1 -> -7), lightly drained
A: no striking features
a: Renounce Religion


You were on level 8 of the Dungeon.
You worshipped Beogh.
Beogh was noncommittal.
You visited 1 branch of the dungeon, and saw 8 of its levels.

You collected 177 gold pieces.

Inventory:

Hand Weapons
 a - a +0 war axe
 f - a +1 antimagic broad axe
 n - the +7 mace "Remevvu" (weapon) {protect, rN+ Will+ Int+3}
   (You found it on level 2 of the Dungeon)

   It grants its wielder temporary protection when it strikes (+7 to AC).
   Int:       It affects your intelligence (+3).
   rN:        It protects you from negative energy.
   Will:      It increases your willpower.
Missiles
 s - 3 boomerangs (quivered)
 t - 6 datura-tipped darts
 u - 4 poisoned darts
Armour
 b - a +0 scale mail (worn)
 c - a +0 buckler (worn)
 e - a +1 cloak (worn)
Scrolls
 g - 2 scrolls of teleportation
 p - a scroll of silence {unknown}
Potions
 d - a potion of might
 i - a potion of lignification {unknown}
 j - a potion of berserk rage
 k - a potion of invisibility {unknown}
 l - a potion of resistance {unknown}
 o - a potion of degeneration {unknown}
 q - a potion of haste {unknown}
 r - 4 potions of heal wounds {unknown}


   Skills:
 * Level 5.0 Fighting
 * Level 5.4(6.3) Axes
 * Level 4.0(5.0) Maces & Flails
 * Level 1.3 Throwing
 * Level 4.7 Armour
 * Level 2.1 Dodging
 * Level 2.3 Stealth
 * Level 4.3 Shields
 * Level 2.6 Invocations


You had 7 spell levels left.
You didn't know any spells.
Your spell library was empty.

Dungeon Overview and Level Annotations

Branches:
Dungeon (8/15)
 Temple: D:4-7         Lair: D:8-11

Altars:
Okawaru
Ru

Shops:
D:8 [


Message History

The howler monkey hoots and howls with incredible vigour!
You block the orc priest's attack. The orc wizard closely misses you.
The orc priest mumbles some strange prayers to Beogh against you.
You resist with some effort.
The merfolk is engulfed in poison gas.
The merfolk looks even sicker.
You barely miss the orc priest. The orc priest barely misses you.
The orc priest hits you but does no damage.
The orc wizard hits you but does no damage.
You are poisoned.
The merfolk is engulfed in poison gas.
The merfolk looks even sicker.
The merfolk hits you from afar with a +0 trident!!
* * * LOW HITPOINT WARNING * * *
You closely miss the orc priest.
You feel very sick.
The orc priest barely misses you. x2; The orc wizard completely misses you.
The merfolk is engulfed in poison gas.
The merfolk looks as sick as possible!
The merfolk hits you from afar with a +0 trident.
* * * LOW HITPOINT WARNING * * *
A howler monkey comes into view.
You feel better.
The howler monkey howls!
You hear a shout!
The orc priest begins to cast a cantrip, but forgets the words!
The orc priest hits you with a +0 dagger.
* * * LOW HITPOINT WARNING * * *
You block the orc wizard's attack.
The merfolk is engulfed in poison gas.
The merfolk looks as sick as possible!
The merfolk hits you from afar with a +0 trident.
* * * LOW HITPOINT WARNING * * *
Unknown command.
You feel better.
The orc priest hits you but does no damage.
The orc wizard hits you but does no damage.
You are poisoned.
The orc priest hits you but does no damage.
The orc warrior is engulfed in poison gas.
The orc warrior is poisoned.
The merfolk is engulfed in poison gas.
The merfolk is poisoned.
The merfolk is engulfed in poison gas.
The merfolk looks as sick as possible!
The merfolk hits you from afar with a +0 trident!
You die...

......# .§☼§§# §
§§§§# #§## #§§§#
#☼§§##☼§§#
§☼§☼§§§§§#
☼§§§☼§§§§#.....#
§§§§§§o§☼#.....#
§§☼☼☼mo@o#.....#
§☼§§m§☼§§#.....#
#§§.###§§#
#..####


#hm ##§§###..#..# #. #☼☼§§.......# # #§§§§§.....[# #§§§§§......# #§☼§☼§§^....#
#...........# You could see a merfolk javelineer, 2 merfolk, a howler monkey
(catching breath), 2 orc priests and an orc wizard.

Vanquished Creatures
  A wyvern (D:8)
  A steam dragon (D:8)
  A sky beast (D:6)
  A centaur (D:7)
  A kobold brigand (D:8)
  A bullfrog (D:8)
  A scorpion (D:6)
  A howler monkey (D:4)
  2 hounds (D:5)
  A jelly (D:5)
  An iguana (D:4)
  4 adders
  A white imp (D:8)
  A worm (D:2)
  2 orcs
  2 ball pythons (D:1)
  3 bats (D:1)
  3 endoplasms (D:1)
  3 giant cockroaches
  3 goblins
  6 hobgoblins
  9 jackals
  9 kobolds
  4 quokkas
  A frilled lizard (D:2)
  4 rats (D:1)
67 creatures vanquished.

Vanquished Creatures (others)
  An orc priest (D:8)
  2 orc wizards (D:8)
  An orc (D:8)
  A kobold (D:8)
5 creatures vanquished.

Grand Total: 72 creatures vanquished

Notes
Turn   | Place    | Note
-------+----------+-------------------------------------------
     0 | D:1      | HakonGodeson the Hill Orc Fighter began the quest for the
                  | Orb.
     0 | D:1      | Reached XP level 1. HP: 19/19 MP: 1/1
    33 | D:1      | Found a faded altar of an unknown god.
    47 | D:1      | Prayed at the altar of an unknown god.
    47 | D:1      | Became a worshipper of Warmaster Okawaru
    47 | D:1      | Reached * piety under Okawaru
   116 | D:1      | Reached XP level 2. HP: 22/27 MP: 2/2
   318 | D:1      | Identified a scroll of acquirement
   318 | D:1      | Acquired a +1 antimagic broad axe
   451 | D:1      | Reached XP level 3. HP: 29/33 MP: 1/3
   690 | D:1      | Reached skill level 1 in Stealth
   841 | D:2      | Reached XP level 4. HP: 39/40 MP: 1/4
   965 | D:2      | Identified the +7 mace "Remevvu" {protect, rN+ Will+ Int+3}
   986 | D:4      | Found a sacrificial altar of Ru.
  1008 | D:4      | Reached skill level 1 in Dodging
  1008 | D:4      | Reached XP level 5. HP: 46/46 MP: 5/5
  1091 | D:4      | Reached ** piety under Okawaru
  1166 | D:5      | Entered Level 5 of the Dungeon
  1179 | D:5      | Reached skill level 1 in Invocations
  1210 | D:5      | Reached skill level 1 in Maces & Flails
  1212 | D:5      | Reached XP level 6. HP: 48/53 MP: 6/6
  1242 | D:6      | Noticed a sky beast
  1256 | D:6      | Killed a sky beast
  1342 | D:6      | Reached skill level 5 in Axes
  1581 | D:7      | Reached XP level 7. HP: 39/60 MP: 8/8
  1765 | D:8      | Fell from the grace of Okawaru
  1765 | D:8      | Became a worshipper of Beogh the Brigand
  1789 | D:8      | Noticed a wyvern
  1804 | D:8      | Killed a wyvern
  1805 | D:8      | Reached skill level 1 in Throwing
  1996 | D:8      | Noticed a merfolk javelineer
  1996 | D:8      | Noticed a merfolk
  1996 | D:8      | Noticed a merfolk
  1996 | D:8      | Noticed a merfolk
  2000 | D:8      | Noticed a steam dragon
  2002 | D:8      | Found Ponauc's Armour Boutique.
  2007 | D:8      | Killed a steam dragon
  2336 | D:8      | Reached skill level 5 in Fighting
  2336 | D:8      | Reached XP level 8. HP: 30/65 MP: 9/9
  2406 | D:8      | Noticed a cyclops
  2406 | D:8      | Noticed a tengu warrior
  2406 | D:8      | Noticed a tengu conjurer
  2416 | D:8      | Slain by a merfolk

Illustrated notes

Levels and vault maps discovered:
D:1:      shiori_arrival_oz, layout_loops_cross,
          shapermc_ecumenical_altar_mp_highgroup, minmay_surrounded
D:2:      layout_loops_ring
D:3:      layout_loops_corners, mainiacjoe_overflow_concentric_impassable,
          marbit_many_paths
D:4:      layout_loops_ring, general_overflow_altar, uniq_sigmund
D:5:      layout_loops_ring, old_standard_altar, zin_academy,
          minmay_temple_entry_trees, uniq_edmund, uniq_duvessa
D:6:      layout_loops_cross, fedhas_altar_fruit_tree, sigmund_army
D:7:      layout_rooms, mainiacjoe_overflow_chevrons, grunt_ministairs_11
D:8:      layout_gridville, serial_shops, kennysheep_mini,
          nicolae_shop_advertising_works [nicolae_subvault_shop_adworks]

Skill      XL: |  1  2  3  4  5  6  7 |
---------------+----------------------+-----
Fighting       | 4 5 |  5.0
Axes           | 3 4 5 |  5.4
Stealth        | 1 2 |  2.3
Dodging        | 1 2 |  2.1
Invocations    | 1 2 |  2.6
Maces & Flails | 1 2 4 |  4.0
Armour         | 4 |  4.7
Shields        | 4 |  4.3
Throwing       | 1 |  1.3

Action                   |  1- 3 |  4- 6 |  7- 9 || total
-------------------------+-------+-------+-------++-------
Melee: War axe           |    40 |       |       ||    40
       Broad axe         |    48 |    21 |       ||    69
       Mace              |       |    49 |    37 ||    86
Throw: Dart              |       |     3 |     4 ||     7
Invok: Convert to Beogh  |       |       |     1 ||     1
  Use: Scroll            |     3 |     2 |     3 ||     8
       Potion            |       |       |     4 ||     4
Armor: Scale mail        |    72 |    63 |    36 ||   171
Dodge: Dodged            |    68 |    37 |    32 ||   137
Block: Buckler           |    34 |    24 |     6 ||    64
